 Dungeon Crawl Stone Soup version 0.30-a0-585-g93115170b9 (webtiles) character file.

Game seed: 7623052380963161783

1516 cforsyth the Ruffian (level 8, -5/73 HPs)
             Began as a Ghoul Monk on Jan 2, 2023.
             Was a Follower of Ru.
             Killed from afar by an electric eel (14 damage)
             ... with a bolt of electricity
             ... on level 6 of the Dungeon.
             The game lasted 00:09:32 (5825 turns).

cforsyth the Ruffian (Ghoul Monk)                   Turns: 5825, Time: 00:09:33

Health: -5/73      AC: 14    Str: 17    XL:     8   Next: 83%
Magic:  7/7        EV: 11    Int:  5    God:    Ru [*.....]
Gold:   243        SH:  0    Dex: 11    Spells: 7/7 levels left

rFire   + . .      SeeInvis .      - Unarmed
rCold   + . .      Faith    .    (no shield)
rNeg    + + +      Spirit   .    y - +0 plate armour
rPois   ∞          Reflect  .    (no helmet)
rElec   .          Harm     .    t - +0 cloak
rCorr   .          Rampage  .    (no gloves)
Will    .....                    q - +0 pair of boots Stlth
                                 (no amulet)
HPRegen 0.00/turn                h - +5 ring of evasion
MPRegen 0.10/turn                m - ring of protection from fire

@: inhibited regen
A: claws 1, cold resistance 1, negative energy resistance 3, inhibited
regeneration, torment resistance 2, unskilled 1, devour on kill
a: Renounce Religion, Sacrifice Resistance, Sacrifice Drink, Sacrifice Artifice,
Reject Sacrifices


You were on level 6 of the Dungeon.
You worshipped Ru.
Ru was aware of your devotion.
You visited 2 branches of the dungeon, and saw 10 of its levels.

You collected 405 gold pieces.
You spent 162 gold pieces at shops.

Inventory:

Armour
 q - a +0 pair of boots (worn)
 t - a +0 cloak (worn)
 y - a +0 plate armour (worn)
Jewellery
 h - a +5 ring of evasion (left claw)
 m - a ring of protection from fire (right claw)
Scrolls
 a - a scroll of poison {unknown}
 l - a scroll of acquirement {unknown}
 n - 2 scrolls of magic mapping
 o - a scroll of fog {unknown}
 p - a scroll of enchant armour {unknown}
 r - a scroll of blinking {unknown}
 s - a scroll of vulnerability
 u - a scroll of amnesia {unknown}
 w - a scroll of enchant weapon {unknown}
 x - a scroll of immolation {unknown}
Potions
 b - a potion of ambrosia
 c - 2 potions of attraction
 d - 4 potions of brilliance
 e - a potion of mutation {unknown}
 f - 3 potions of curing
 g - a potion of degeneration {unknown}
 i - a potion of heal wounds
 v - 2 potions of might {unknown}


   Skills:
 + Level 7.0 Fighting
 + Level 4.6 Armour
 - Level 2.4 Dodging
 - Level 2.0 Stealth
 + Level 7.0 Unarmed Combat


You had 7 spell levels left.
You didn't know any spells.
Your spell library contained the following spells:

 Spells                   Type           Power      Damage    Failure   Level
 Gell's Gravitas          Tloc           0%         N/A       100%        3
 Inner Flame              Hex/Fire       0%         N/A       100%        3
 Lesser Beckoning         Tloc           0%         N/A       100%        3
 Teleport Other           Tloc           0%         N/A       100%        3
 Cause Fear               Hex            0%         N/A       100%        4
 Summon Forest            Summ/Tloc      0%         N/A       100%        5
 Summon Mana Viper        Hex/Summ       0%         N/A       100%        5
 Summon Cactus Giant      Summ           0%         N/A       100%        6
 Discord                  Hex            0%         N/A       100%        8


Dungeon Overview and Level Annotations

Branches:
Dungeon (9/15)             Temple (1/1) D:4
   Lair: D:8-11         Orc: D:9-12

Altars:
Ashenzari
Cheibriados
Dithmenos
Fedhas
Hepliaklqana
Okawaru
Qazlal
Ru
Sif Muna
Uskayaw
Vehumet
Xom
Yredelemnul

Shops:
D:4 ?

Annotations:
D:8 Maurice
Temple 2 transporters


Innate Abilities, Weirdness & Mutations

You are immune to poison.
You have sharp fingernails.
Your flesh is cold resistant. (rC+)
You are immune to negative energy. (rN+++)
You do not regenerate when monsters are visible.
You are immune to unholy pain and torment.
You are somewhat unskilled. (-1 Apt)
You thrive by killing the living.


Message History

An orc and an electric eel come into view.
Found a club.
The orc shouts!
The electric eel shoots out a bolt of lightning at you!
The bolt of electricity hits the plant!
The plant begins to die.
The bolt of electricity hits the plant!
The plant begins to die.
The bolt of electricity hits the plant!
The plant begins to die.
The bolt of electricity hits you.
The electric eel shoots out a bolt of lightning at you!
The bolt of electricity hits you!
* * * LOW HITPOINT WARNING * * *
The bolt of electricity hits the plant!
The plant begins to die.
The bolt of electricity hits the plant!
The plant begins to die.
Okay, then.
You feel much better.
The electric eel shoots out a bolt of lightning at you!
The bolt of electricity hits you but does no damage.
The bolt of electricity hits the plant! x2
A nearby plant withers and dies.
The electric eel shoots out a bolt of lightning at you!
The bolt of electricity hits you!
The bolt of electricity hits the plant! x2
The plant begins to die.
The electric eel shoots out a bolt of lightning at you!
The bolt of electricity hits the plant. x2; The bolt of electricity hits you!
The electric eel shoots out a bolt of lightning at you!
The bolt of electricity hits you.
The bolt of electricity hits the plant! x2
A nearby plant withers and dies. x2
The electric eel shoots out a bolt of lightning at you!
The bolt of electricity hits the plant!
The plant begins to die.
The bolt of electricity hits you.
* * * LOW HITPOINT WARNING * * *
The electric eel shoots out a bolt of lightning at you!
The bolt of electricity hits the plant! x2; The bolt of electricity hits you!
* * * LOW HITPOINT WARNING * * *
The orc attacks as you move away! The orc barely misses you.
A nearby plant withers and dies. x3
The electric eel shoots out a bolt of lightning at you!
The bolt of electricity hits the plant.
The plant begins to die.
The bolt of electricity hits you!
You die...

..... ..... .....
.....### #+######
..W.oS?#. #..
.).###
....o.)#.##..##....
..................
.................#
.....~~.~o..~~y~@#
.....~~~~S.~~P~~.#
#.###~~P~~~~~~~~o#
#. #P~~S~~~~~PP.# #
#~~~~~~~~~~~....#
~~~≈~≈SP~~###.#
P~~~≈≈~~~~♣ #
≈≈≈≈≈≈≈≈~P♣
~≈≈≈≈≈≈≈P♣♣


You could see a hornet, 2 electric eels and 2 orcs.

Vanquished Creatures
  2 hornets
  Eustachio (D:5)
  A wraith (D:9)
  A steam dragon (D:9)
  A water moccasin (D:9)
  An ogre (D:4)
  A phantom (D:5)
  2 bullfrogs
  A necrophage (D:5)
  2 hounds (D:5)
  2 orc priests
  2 iguanas
  4 gnolls
  5 adders
  A white imp (D:5)
  An ufetubus (D:4)
  A worm (D:2)
  A dart slug (D:2)
  12 orcs
  10 endoplasms
  3 giant cockroaches
  5 goblins
  3 hobgoblins
  2 jackals (D:1)
  15 ball pythons
  2 bats (D:1)
  2 frilled lizards
  5 kobolds
  6 rats
95 creatures vanquished.

Vanquished Creatures (others)
  An orc (D:6)
  A fungus (D:8)
  6 plants (D:6)
  4 toadstools (D:8)
12 creatures vanquished.

Grand Total: 107 creatures vanquished

Notes
Turn   | Place    | Note
-------+----------+-------------------------------------------
     0 | D:1      | cforsyth the Ghoul Monk began the quest for the Orb.
     0 | D:1      | Reached XP level 1. HP: 19/19 MP: 0/0
   260 | D:1      | Reached XP level 2. HP: 24/26 MP: 1/1
   776 | D:2      | Reached XP level 3. HP: 26/33 MP: 2/2
  1015 | D:2      | Found a shimmering blue altar of Sif Muna.
  1380 | D:2      | Reached XP level 4. HP: 41/41 MP: 3/3
  2040 | D:3      | Found a stormy altar of Qazlal.
  2318 | D:3      | Reached skill level 1 in Armour
  2329 | D:3      | Reached XP level 5. HP: 28/47 MP: 4/4
  2944 | D:3      | Found a faded altar of an unknown god.
  3093 | D:4      | Noticed an ogre
  3222 | D:4      | Found Imogaav's Magic Scroll Emporium.
  3236 | D:4      | Bought a scroll of noise for 13 gold pieces
  3236 | D:4      | Bought a scroll of identify for 26 gold pieces
  3236 | D:4      | Bought a scroll of magic mapping for 97 gold pieces
  3236 | D:4      | Bought a scroll of identify for 26 gold pieces
  3262 | D:4      | Reached skill level 5 in Fighting
  3262 | D:4      | Reached skill level 5 in Unarmed Combat
  3371 | D:4      | Found a staircase to the Ecumenical Temple.
  3380 | Temple   | Entered the Ecumenical Temple
  3380 | Temple   | Found a transporter.
  3380 | Temple   | Found a transporter.
  3382 | Temple   | Found a transporter.
  3382 | Temple   | Found a transporter.
  3399 | Temple   | Became a worshipper of Ru the Awakened
  3404 | Temple   | Gained mutation: You are somewhat unskilled. (-1 Apt) [Ru
                  | sacrifice]
  3404 | Temple   | Reached * piety under Ru
  3468 | D:4      | Reached XP level 6. HP: 47/53 MP: 5/5
  3811 | D:5      | Entered Level 5 of the Dungeon
  3953 | D:5      | Reached skill level 5 in Fighting
  3953 | D:5      | Reached skill level 5 in Unarmed Combat
  4290 | D:5      | Reached XP level 7. HP: 61/61 MP: 6/6
  4490 | D:5      | Noticed Eustachio
  4530 | D:5      | Killed Eustachio
  5219 | D:6      | You fall into a shaft and drop 3 floors!
  5220 | D:9      | Noticed a steam dragon
  5223 | D:9      | Noticed a wraith
  5248 | D:9      | Killed a wraith
  5330 | D:9      | Reached XP level 8. HP: 66/70 MP: 7/7
  5403 | D:8      | Found a shimmering altar of Xom.
  5499 | D:9      | Noticed a hornet
  5508 | D:9      | Killed a hornet
  5624 | D:8      | Noticed a hornet
  5632 | D:8      | Noticed Maurice
  5634 | D:8      | Killed a hornet
  5815 | D:6      | Noticed a hornet
  5825 | D:6      | Killed from afar by an electric eel

Illustrated notes

Levels and vault maps discovered:
D:1:      heliophobic_arrival_dark_side_of_the_moon, layout_loops_cross,
          kennysheep_decorative_pillar
D:2:      layout_loops_ring, basic_altar
D:3:      layout_loops_cross, mainiacjoe_overflow_six_doors_small,
          shapermc_ecumenical_altar_mp_vishouse
D:4:      layout_rooms, minmay_temple_entry_trees, serial_shops, shop_coins
D:5:      layout_layer_cave, bh_walls_and_bars, uniq_eustachio
D:6:      layout_basic, kennysheep_little_box, gammafunk_temple_overflow_pools,
          serial_bayou, serial_bayou_pond_d, serial_bayou_pond_d,
          serial_bayou_ford_a, serial_bayou_crossing, serial_bayou_shore_a,
          uniq_crazy_yiuf_cottage, uniq_blork_the_orc
D:7:      layout_loops_corners, mainiacjoe_overflow_boulevard,
          mainiacjoe_overflow_small_starburst, gammafunk_ghost_berserking_beasts
D:8:      layout_rooms, nicolae_gozag_cash_rules_everything_around_me,
          nicolae_overflow_hidden_temple, demons_altar,
          minmay_gold_behind_fungi, minmay_parallelograms,
          kennysheep_kite_vault, uniq_maurice
D:9:      layout_basic, uniq_psyche
Temple:   hellmonk_temple_divided_pantheon

Skill      XL: |  1  2  3  4  5  6  7  8 |
---------------+-------------------------+-----
Fighting       | 4 4 5 6 7 |  7.0
Unarmed Combat | 4 4 5 6 7 |  7.0
Armour         | 1 2 3 4 |  4.6
Dodging        | |  2.4
Stealth        | |  2.0

Action                   |  1- 3 |  4- 6 |  7- 9 || total
-------------------------+-------+-------+-------++-------
Melee: Unarmed           |   108 |   169 |   126 ||   403
       Punch             |       |     4 |     4 ||     8
Invok: Sacrifice Skill   |       |     1 |       ||     1
  Use: Scroll            |       |     4 |     5 ||     9
       Potion            |       |       |     1 ||     1
 Stab: Sleeping          |     6 |       |       ||     6
       Distracted        |       |     1 |     1 ||     2
Armor: Robe              |    13 |       |       ||    13
       Ring mail         |       |    21 |       ||    21
       Chain mail        |       |    20 |       ||    20
       Plate armour      |       |     6 |    56 ||    62
Dodge: Dodged            |    74 |   128 |    67 ||   269

Table legend: (Time is in decaauts)
 A = Elapsed time spent in this place.
 B = Non-inter-level travel time spent in this place.
 C = Inter-level travel time spent in this place.
 D = Time resting spent in this place.
 E = Time spent auto-exploring this place.
 F = Levels seen in this place.
 G = Mean time per level.
                   A        B        C        D        E       F      G
               +--------+--------+--------+--------+--------+-----+--------+
         Total |   5799 |   5509 |    290 |   1067 |   3382 |  10 |  579.9 |
       Dungeon |   5760 |   5475 |    285 |   1067 |   3376 |   9 |  640.0 |
        Temple |     39 |     34 |      5 |      0 |      6 |   1 |   39.0 |
               +--------+--------+--------+--------+--------+-----+--------+

Top non-repeatable levels by time:
     D:5: 1384 daAuts
     D:2: 1208 daAuts
     D:3: 1208 daAuts
     D:1: 714 daAuts
     D:4: 625 daAuts
     D:9: 379 daAuts
     D:7: 166 daAuts
     D:8: 42 daAuts
  Temple: 39 daAuts
     D:6: 30 daAuts
